Map: Interloper LE

Players

Semper

  • Race: Terran Terran
  • Spawn Location: 11:00

Jig - Winner!

  • Race: Zerg Zerg
  • Spawn Location: 5:00

Event: WCS Montreal 2017

VOD

Have the link to the VOD?

Description

Time

  • Played on: Sept. 8, 2017, 3:29 p.m.
  • Length: 12:01

All games in this series

Show
View Real Time Build Order
Export as new Build Order

Semper Terran 

Build Orders: Reaper Expand, Bio Tank, Hellion Banshee 

Get SALT Encoding   

  12  0:00  SCV  
  13  0:12  SCV  
  14  0:17  Supply Depot  
  14  0:25  SCV  
  15  0:38  SCV  
  15  0:40  Barracks  
  16  0:44  Refinery  
  16  0:50  SCV  
  17  1:03  SCV  
  18  1:15  SCV  
  19  1:27  Orbital Command, Reaper  
  20  1:41  Command Center  
  20  1:51  Supply Depot  
  20  1:52  SCV  
  21  1:59  Marine  
  22  2:05  SCV  
  23  2:08  Factory  
  23  2:17  SCV  
  23  2:21  Barracks Reactor  
  24  2:29  SCV  
  25  2:36  Refinery  
  25  2:41  SCV  
  26  2:53  Orbital Command, SCV  
  27  2:59  Starport  
  27  3:04  Hellion x2  
  27  3:05  SCV  
  32  3:07  Barracks Tech Lab  
  32  3:17  SCV  
  33  3:20  SCV  
  33  3:26  Hellion x2  
  38  3:30  SCV  
  38  3:32  SCV  
  40  3:40  Banshee  
  43  3:41  Supply Depot  
  43  3:42  Supply Depot, SCV  
  43  3:46  Cloaking Field  
  43  3:48  SCV  
  45  3:54  SCV  
  44  3:56  Hellion  
  46  4:10  SCV  
  46  4:12  Supply Depot, SCV  
  46  4:13  Hellion  
  46  4:17  Hellion, Barracks Tech Lab  
  50  4:19  Supply Depot  
  50  4:22  SCV  
  53  4:24  SCV  
  53  4:26  Banshee  
  57  4:35  SCV  
  58  4:42  Supply Depot, Command Center  
  58  4:44  SCV  
  59  4:47  SCV  
  59  4:49  Marine  
  59  4:50  Stimpack  
  61  4:57  SCV  
  62  5:02  Barracks  
  62  5:03  Factory Reactor  
  62  5:06  Barracks, SCV  
  63  5:12  Refinery  
  63  5:17  SCV  
  63  5:20  Marine, Refinery, Engineering Bay x2  
  65  5:28  SCV  
  66  5:33  Starport Reactor  
  66  5:34  SCV  
  67  5:38  Barracks  
  67  5:39  Barracks  
  67  5:40  SCV  
  68  5:48  SCV  
  64  5:57  Marine x3  
  64  5:58  SCV  
  64  6:00  Terran Infantry Weapons Level 1  
  64  6:01  Terran Infantry Armor Level 1, SCV  
  69  6:07  Siege Tank  
  69  6:08  Orbital Command  
  69  6:10  Marine x2, SCV  
  75  6:14  Marine  
  75  6:15  Medivac  
  78  6:19  SCV  
  78  6:22  Marine x2  
  78  6:24  SCV  
  82  6:28  Orbital Command, Marine  
  82  6:31  SCV  
  84  6:33  Marine  
  84  6:37  Marine, Barracks Reactor x2  
  84  6:41  SCV  
  84  6:47  SCV  
  84  6:48  Marine x3  
  84  6:49  Medivac x2  
  84  6:53  SCV  
  95  6:54  Siege Tank, Marine  
  95  6:57  SCV  
  95  6:59  SCV  
  98  7:02  Armory  
  98  7:05  Supply Depot  
  98  7:06  SCV  
  98  7:07  Supply Depot  
  99  7:11  SCV  
  99  7:15  SCV  
  99  7:16  Marine  
  99  7:19  Marine, SCV  
  103  7:25  Supply Depot, Missile Turret  
  103  7:27  Supply Depot  
  103  7:28  Missile Turret  
  103  7:30  Missile Turret  
  103  7:33  Siege Tank  
  103  7:36  SCV  
  107  7:42  Marine x7  
  107  7:44  Medivac x2  
  116  7:46  SCV x2  
  116  7:48  SCV  
  121  7:52  Supply Depot  
  121  7:57  Marine x2  
  123  7:59  Marine  
  123  8:00  Marine x4  
  123  8:01  Combat Shields  
  123  8:05  Siege Tank  
  131  8:06  Marine  
  131  8:08  SCV x2  
  131  8:09  Supply Depot  
  131  8:11  Refinery  
  134  8:13  Supply Depot, Refinery  
  134  8:14  Supply Depot  
  134  8:16  Terran Infantry Weapons Level 2  
  134  8:19  Marine x2  
  136  8:26  Marine  
  134  8:27  Marine  
  134  8:30  Marine  
  118  8:36  Marine  
  118  8:37  Siege Tank  
  118  8:39  Marine  
  114  8:42  Marine  
  114  8:45  Marine  
  114  8:46  Marine x2  
  118  8:50  SCV x2  
  118  8:53  Supply Depot  
  118  8:54  Factory  
  120  8:59  Marine  
  120  9:00  Marine x5  
  126  9:03  Marine  
  126  9:04  Marine x2  
  129  9:11  Terran Infantry Armor Level 2  
  129  9:13  Command Center, Terran Vehicle Weapons Level 1  
  129  9:16  Siege Tank  
  132  9:17  Marine x2  
  132  9:18  Marine x3  
  132  9:20  Marine  
  132  9:21  Marine  
  132  9:23  Marine  
  133  9:25  Marine  
  109  9:35  Marine x2  
  109  9:36  Marine x3  
  109  9:38  Marine  
  108  9:39  Marine  
  108  9:44  Marine x2  
  111  9:50  Siege Tank  
  111  9:53  Marine x2  
  111  9:59  Marine x3  
  87  10:00  Marine x2  
  87  10:01  SCV  
  87  10:03  Marine  
  87  10:05  Orbital Command  
  90  10:07  SCV  
  90  10:09  Marine  
  90  10:14  SCV  
  93  10:21  Bunker  
  93  10:22  Marine  
  93  10:23  Missile Turret  
  93  10:25  SCV  
  95  10:34  Siege Tank  
  94  10:41  Marine x2  
  81  10:47  Marine  
  55  10:50  Marine x4  
  55  10:52  SCV  
  46  10:57  Marine  
  46  11:07  Marine  
  46  11:16  SCV  
  47  11:21  Orbital Command  
  47  11:24  Marine  
  47  11:25  SCV  
  45  11:26  Marine x2  
  45  11:27  Marine x2  
  45  11:28  SCV  
  41  11:33  Marine x2  
  41  11:37  Marine, SCV  
  45  11:41  SCV  
  45  11:42  Marine  
  48  11:47  SCV  
  48  11:50  Bunker  
Show
View Real Time Build Order
Export as new Build Order

Jig Zerg - Winner!

Build Orders: Hatch First 

Get SALT Encoding   

  12  0:00  Drone  
  13  0:12  Overlord  
  13  0:17  Drone  
  14  0:31  Drone x2  
  14  0:34  Drone  
  17  0:51  Hatchery  
  17  0:55  Drone  
  17  0:58  Drone  
  18  1:08  Extractor  
  17  1:12  Spawning Pool  
  17  1:16  Drone  
  17  1:19  Drone  
  18  1:28  Drone  
  19  1:38  Overlord  
  19  1:52  Drone  
  20  2:00  Queen  
  22  2:01  Zergling x2  
  22  2:03  Queen, Zergling x2  
  26  2:09  Metabolic Boost  
  26  2:12  Drone  
  26  2:14  Drone  
  28  2:22  Drone  
  29  2:26  Drone  
  29  2:38  Queen  
  29  2:43  Spore Crawler  
  31  2:46  Hatchery  
  31  2:49  Overlord  
  30  2:52  Drone  
  30  2:55  Drone  
  30  2:58  Drone  
  33  3:00  Drone  
  33  3:03  Drone  
  35  3:06  Drone  
  35  3:10  Zergling x2  
  35  3:11  Zergling x2  
  35  3:12  Zergling x2  
  39  3:19  Spore Crawler  
  38  3:22  Drone x3  
  38  3:26  Overlord  
  42  3:34  Zergling x2  
  42  3:35  Zergling x2  
  44  3:45  Overlord  
  44  3:46  Overlord  
  44  3:47  Drone x3  
  44  3:48  Drone  
  48  3:53  Drone  
  48  3:58  Drone x3  
  51  4:04  Drone x3  
  54  4:14  Overlord  
  54  4:16  Queen  
  56  4:17  Drone  
  56  4:18  Drone x4  
  56  4:20  Evolution Chamber  
  56  4:21  Evolution Chamber  
  56  4:23  Overlord  
  59  4:27  Drone x2  
  59  4:28  Roach Warren  
  60  4:35  Spine Crawler  
  60  4:36  Drone  
  60  4:37  Drone x2  
  62  4:40  Extractor, Drone x3  
  62  4:44  Spore Crawler  
  63  4:48  Spore Crawler  
  61  4:54  Spore Crawler  
  61  4:55  Zerg Ground Armor Level 1, Zerg Melee Weapons Level 1  
  60  5:03  Overlord  
  60  5:10  Roach x2  
  64  5:14  Overlord  
  64  5:17  Roach  
  64  5:18  Overlord  
  66  5:21  Zergling x2  
  66  5:22  Zergling x14  
  66  5:27  Baneling Nest  
  72  5:29  Overlord  
  72  5:31  Roach  
  72  5:32  Overlord  
  72  5:35  Queen, Overlord  
  76  5:37  Overlord  
  76  5:39  Drone  
  76  5:41  Drone  
  78  5:45  Drone x2  
  80  5:53  Drone x2  
  83  6:04  Drone x5  
  83  6:07  Extractor, Drone x2  
  83  6:08  Lair  
  83  6:09  Extractor  
  87  6:11  Overlord  
  87  6:12  Drone  
  87  6:13  Drone  
  86  6:19  Overlord  
  86  6:20  Hatchery  
  84  6:29  Drone x4  
  84  6:30  Queen  
  84  6:31  Hatchery  
  89  6:35  Overlord  
  85  6:47  Zergling x16  
  83  6:48  Zergling x2  
  83  6:52  Burrow  
  90  6:55  Zergling x4  
  90  7:02  Zergling x2  
  90  7:03  Zergling x6  
  90  7:06  Centrifical Hooks  
  90  7:07  Zerg Melee Weapons Level 2  
  90  7:08  Overlord  
  94  7:12  Overseer  
  94  7:16  Zergling x6  
  94  7:20  Zergling x2  
  98  7:24  Zergling x2  
  98  7:25  Zergling x2  
  98  7:28  Queen  
  102  7:31  Zergling x8  
  102  7:35  Zergling x6  
  109  7:37  Zerg Ground Armor Level 2  
  109  7:39  Zergling x2  
  109  7:44  Overlord  
  110  7:47  Infestation Pit  
  110  7:48  Zergling x4  
  110  7:49  Zergling x8  
  115  7:57  Spore Crawler, Baneling x14  
  114  7:59  Zergling x14  
  121  8:08  Zergling x2  
  121  8:09  Zergling x10  
  127  8:13  Overlord  
  127  8:15  Overlord  
  127  8:18  Zergling x14  
  134  8:25  Overlord  
  96  8:35  Zergling x12  
  96  8:41  Zergling x12  
  100  8:42  Zergling x2  
  100  8:48  Baneling x17  
  105  8:50  Zergling x14  
  105  8:52  Baneling x6  
  112  8:57  Zergling x8  
  112  8:58  Zergling x2  
  117  9:09  Zergling x16  
  125  9:12  Infestor  
  112  9:32  Zergling x22  
  112  9:33  Zergling x4  
  112  9:35  Baneling  
  112  9:36  Baneling x11  
  112  9:37  Zergling x2  
  112  9:38  Zergling x2  
  121  9:46  Zergling x12  
  121  9:47  Zergling x2  
  108  10:00  Zergling x20  
  117  10:07  Hive  
  117  10:14  Baneling x9  
  117  10:15  Baneling x3  
  116  10:28  Hatchery  
  116  10:29  Zergling x2  
  116  10:30  Zergling x12  
  90  10:46  Zergling x18  
  90  10:47  Zergling x8  
  99  10:52  Zergling x6  
  99  10:56  Zergling x2  
  97  11:02  Zergling x2  
  95  11:07  Zergling x10  
  95  11:08  Zergling x8  
  101  11:17  Zergling x6  
  94  11:25  Zergling x2  
  94  11:26  Zergling x8  
  94  11:30  Zergling x4  
  90  11:39  Baneling x11  
  94  11:47  Drone x4  
Tags
 
Add a new tag
Caveats
  • Supply blocks, unpowered buildings, or Contaminate may cause inaccurate times.
  • Supply counts are checked every 10 seconds.